[Event "Titled Tuesday Blitz June 20 Early 2023"]
[White "Floresvillar Gonzalez, Luis Migu"]
[Black "Modric, Nesa"]
[WhiteFideId "5100542"]
[BlackFideId "922579"]
[WhiteElo "2040"]
[BlackElo "2167"]
[Result "1/2-1/2"]
[Round "6"]
[TimeControl "180+2"]
[Date "2023.06.20"]
[WhiteClock "0:00:03"]
[BlackClock "0:00:08"]
[Board "199"]

1. e4 d5 2. exd5 Qxd5 3. c4 Qa5 4. Nc3 c6 5. d4 Nf6 6. Bd3 Bg4 7. Ne2 e6 8. c5 Nbd7 9. h3 Bh5 10. O-O Be7 11. Be3 O-O 12. Qb3 Qc7 13. Rad1 Nd5 14. Qc2 N7f6 15. Bg5 Nb4 16. Qb1 Nxd3 17. Rxd3 Bg6 18. Rfd1 Bxd3 19. Rxd3 Nd5 20. Nxd5 exd5 21. Bf4 Qd7 22. Rg3 Bf6 23. Bd6 Rfe8 24. Qd3 Re4 25. Be5 Bxe5 26. dxe5 Re8 27. f4 b6 28. cxb6 axb6 29. Rf3 c5 30. Ng3 Rd4 31. Qc2 Ra8 32. a3 Rc4 33. Qb1 b5 34. Nf5 b4 35. axb4 cxb4 36. Nd6 Rc6 37. Nf5 Rac8 38. Kh2 Rc1 39. Qd3 R1c2 40. Rg3 g6 41. Nh6+ Kg7 42. Ng4 Rxb2 43. Nf6 Qe6 44. Qd4 Rc3 45. Nh5+ Kh6 46. Nf6 Rxg3 47. Kxg3 Rb3+ 48. Kh2 Qf5 49. Ng4+ Kg7 50. Ne3 Qd3 51. Nf5+ gxf5 52. Qb6 Qe4 53. Qf6+ Kg8 54. Qd8+ Kg7 55. Qg5+ Kf8 56. Qd8+ Kg7 57. Qg5+ Kf8 58. Qd8+ Kg7 1/2-1/2


[Site "https://www.chess.com"]

[Event "Titled Tuesday Blitz June 20 Early 2023"]
[White "Milovic, Aleksandra"]
[Black "Kiseleva, Arina"]
[WhiteFideId "933988"]
[BlackFideId "4164989"]
[WhiteElo "2000"]
[BlackElo "1701"]
[Result "0-1"]
[Round "6"]
[TimeControl "180+2"]
[Date "2023.06.20"]
[WhiteClock "0:00:00"]
[BlackClock "0:00:19"]
[Board "200"]

1. e4 c6 2. d4 d5 3. Nc3 dxe4 4. Nxe4 Nf6 5. Nxf6+ exf6 6. c3 Bd6 7. Bd3 Na6 8. Ne2 Nc7 9. O-O O-O 10. Bf4 Bg4 11. Bxd6 Qxd6 12. Qc2 Bxe2 13. Qxe2 Nd5 14. g3 Rfe8 15. Qh5 g6 16. Qf3 f5 17. Rfe1 Kg7 18. Re2 b5 19. Rae1 Rxe2 20. Qxe2 a5 21. Qe5+ Qxe5 22. Rxe5 a4 23. Bxb5 a3 24. Bxc6 axb2 25. Re1 Rb8 26. Bxd5 b1=Q 27. Rxb1 Rxb1+ 28. Kg2 Rc1 29. c4 Kf6 30. a4 Ra1 31. Bc6 Ke7 32. Bb5 Rd1 33. d5 Kd6 34. a5 Kc5 35. Kh3 Rd2 36. f4 Ra2 37. a6 f6 38. g4 fxg4+ 39. Kxg4 Rxh2 40. f5 g5 41. Bc6 h5+ 42. Kg3 Ra2 43. Bb7 Ra3+ 44. Kf2 h4 45. Kg2 g4 46. Kh2 Ra2+ 47. Kg1 h3 48. d6 Kxd6 0-1


[Site "https://www.chess.com"]

[Event "Titled Tuesday Blitz June 20 Early 2023"]
[White "Porat, Tori"]
[Black "campochess"]
[WhiteFideId "30982626"]
[WhiteElo "1752"]
[BlackElo "2178"]
[Result "1-0"]
[Round "6"]
[TimeControl "180+2"]
[Date "2023.06.20"]
[WhiteClock "0:00:14"]
[BlackClock "0:00:00"]
[Board "201"]

1. d4 c5 2. d5 Nf6 3. c4 b5 4. cxb5 a6 5. Nc3 axb5 6. Nxb5 e6 7. dxe6 fxe6 8. Nd6+ Bxd6 9. Qxd6 Ne4 10. Qd3 Bb7 11. Nf3 Nc6 12. g3 Nb4 13. Qd1 Rxa2 14. Rxa2 Nxa2 15. Bd2 Nb4 16. Bxb4 cxb4 17. Bg2 O-O 18. O-O d5 19. Qb3 Qe7 20. Nd4 e5 21. Bxe4 exd4 22. Bxd5+ Kh8 23. Bxb7 Qxb7 24. Qd3 Qb6 25. Rd1 h6 26. Qxd4 Qb5 27. Qd3 Qb6 28. Qd4 Qe6 29. e4 Qb3 30. Rc1 Kh7 31. Rc7 Rg8 32. e5 Qe6 33. Qe4+ Kh8 34. Rc6 Qb3 35. Qf4 Qd1+ 36. Kg2 Qd5+ 37. Qf3 Qxe5 38. Qe3 Qd5+ 39. Qf3 Qd7 40. Rg6 Qe7 41. Qf4 Rf8 42. Qd4 Qb7+ 43. Kg1 Re8 44. Rxh6+ Kg8 45. Qc4+ Qf7 46. Rh8+ Kxh8 47. Qxf7 Re1+ 48. Kg2 b3 49. Qf8+ Kh7 50. Qf5+ Kh8 51. Qc8+ Kh7 52. Qc3 Re7 53. Qxb3 Rf7 54. Qd3+ g6 55. b4 Kg7 56. b5 Kh7 57. b6 Kg7 58. Qd4+ Kh7 59. Qh4+ Kg7 60. Qd8 Rf8 61. Qc7+ 1-0


[Site "https://www.chess.com"]

[Event "Titled Tuesday Blitz June 20 Early 2023"]
[White "Gardezi, Arsal"]
[Black "Lohani, Sujana"]
[WhiteFideId "30949521"]
[BlackFideId "12311987"]
[WhiteElo "1906"]
[BlackElo "1718"]
[Result "1-0"]
[Round "6"]
[TimeControl "180+2"]
[Date "2023.06.20"]
[WhiteClock "0:00:09"]
[BlackClock "0:00:00"]
[Board "202"]

1. d4 Nf6 2. c4 g6 3. Nc3 Bg7 4. e4 d6 5. Nf3 O-O 6. Be2 e5 7. O-O Nc6 8. d5 Ne7 9. h3 Ne8 10. b4 f5 11. Bg5 f4 12. c5 h6 13. Bxe7 Qxe7 14. Nb5 a6 15. Na3 g5 16. cxd6 cxd6 17. Nc4 g4 18. hxg4 Bxg4 19. Rc1 Rf6 20. Nh2 Bxe2 21. Qxe2 Rg6 22. Rc3 Qg5 23. Qf3 b5 24. Nb6 Rb8 25. Nc8 Bf8 26. Rfc1 Rb7 27. Rc6 Rbg7 28. Kh1 Qh4 29. Qh3 Qxf2 30. R6c2 Qd4 31. Nf3 Qxe4 32. Nh4 Rg3 33. Qf5 Qxb4 34. Qe6+ Kh7 35. Qxe8 Rg8 36. Nf5 Qe4 37. Qf7+ Kh8 38. Nxg3 fxg3 39. Qh5 Kh7 40. Rc7+ Bg7 41. Ne7 Qf4 42. Nxg8 Kxg8 43. Rxg7+ Kxg7 44. Rc7+ Kh8 45. Qe8+ 1-0


[Site "https://www.chess.com"]

[Event "Titled Tuesday Blitz June 20 Early 2023"]
[White "Carlsen, Magnus"]
[Black "Grischuk, Alexander"]
[WhiteFideId "1503014"]
[BlackFideId "4126025"]
[WhiteElo "2858"]
[BlackElo "2721"]
[Result "1-0"]
[Round "7"]
[TimeControl "180+2"]
[Date "2023.06.20"]
[WhiteClock "0:00:17"]
[BlackClock "0:00:00"]
[Board "1"]

1. e4 e5 2. Nf3 Nc6 3. Bb5 Nf6 4. O-O Nxe4 5. Re1 Nd6 6. Nxe5 Be7 7. Bf1 Nxe5 8. Rxe5 O-O 9. d4 Bf6 10. Re1 Re8 11. Bf4 Rxe1 12. Qxe1 Ne8 13. c3 d5 14. Nd2 g6 15. a4 a5 16. Nb3 Ng7 17. h3 c6 18. Nc5 Ne6 19. Nxe6 Bxe6 20. Qd2 Qd7 21. Bd3 Re8 22. Re1 Qd8 23. Re3 Bd7 24. Rf3 Re6 25. Bh6 Bg7 26. Bxg7 Kxg7 27. Qf4 Be8 28. Re3 Qf6 29. Qc7 Rxe3 30. fxe3 Qg5 31. Kf2 Qf6+ 32. Ke2 Qg5 33. g4 h5 34. Qc8 hxg4 35. hxg4 Qe7 36. Kd2 Qd7 37. Qa8 b6 38. Qb8 b5 39. b4 axb4 40. a5 Qxg4 41. Qxe8 Qg2+ 42. Be2 bxc3+ 43. Kd3 c2 44. Qxc6 Qe4+ 45. Kd2 Qe7 46. Qxc2 1-0


[Site "https://www.chess.com"]

[Event "Titled Tuesday Blitz June 20 Early 2023"]
[White "Vachier-Lagrave, Maxime"]
[Black "Nakamura, Hikaru"]
[WhiteFideId "623539"]
[BlackFideId "2016192"]
[WhiteElo "2739"]
[BlackElo "2874"]
[Result "1/2-1/2"]
[Round "7"]
[TimeControl "180+2"]
[Date "2023.06.20"]
[WhiteClock "0:00:43"]
[BlackClock "0:00:07"]
[Board "2"]

1. e4 e5 2. Nf3 Nc6 3. Bc4 Nf6 4. d3 Bc5 5. O-O d6 6. c3 a6 7. Re1 Ba7 8. a4 h6 9. Nbd2 O-O 10. h3 Re8 11. b4 Be6 12. Bxe6 Rxe6 13. Qc2 Qd7 14. Nf1 Ne7 15. Be3 Bxe3 16. Nxe3 Ng6 17. g3 d5 18. Kh2 c6 19. c4 d4 20. Nf5 a5 21. c5 Ne7 22. N3h4 Nxf5 23. Nxf5 axb4 24. Reb1 g6 25. Nd6 Rxd6 26. cxd6 Qxd6 27. Qc4 c5 28. a5 Qc6 29. a6 b5 30. Qa2 Ra7 31. Qa5 Kg7 32. Rc1 Nd7 33. Qxb4 Rxa6 34. Rxa6 Qxa6 35. Rxc5 Nxc5 36. Qxc5 b4 37. Kg2 Qxd3 38. Qxe5+ Kh7 39. Qd5 Kg8 40. e5 Qf5 41. Qd8+ Kh7 42. Qxd4 b3 43. Qb4 Qe6 44. Qb5 h5 45. h4 Kg7 46. Kf1 f6 47. Qb7+ Qf7 48. exf6+ Kxf6 49. Qb5 Qe6 50. Qg5+ Kf7 51. Qb5 Ke7 52. Qc5+ Kd7 53. Qb5+ Kc7 54. Qc5+ Kb7 55. Qb5+ Qb6 56. Qd7+ Kb8 57. Qe8+ Kb7 58. Qd7+ Kb8 59. Qe8+ Ka7 60. Qd7+ Qb7 61. Qd4+ Qb6 62. Qd7+ Kb8 1/2-1/2


[Site "https://www.chess.com"]

[Event "Titled Tuesday Blitz June 20 Early 2023"]
[White "Martinez Alcantara, Jose Eduardo"]
[Black "Tabatabaei, M. Amin"]
[WhiteFideId "3805662"]
[BlackFideId "12521213"]
[WhiteElo "2711"]
[BlackElo "2575"]
[Result "1-0"]
[Round "7"]
[TimeControl "180+2"]
[Date "2023.06.20"]
[WhiteClock "0:00:34"]
[BlackClock "0:00:00"]
[Board "3"]

1. e4 c5 2. Nf3 d6 3. c3 Nf6 4. h3 Nc6 5. Bd3 e5 6. Bc2 d5 7. exd5 Qxd5 8. Qe2 Be7 9. d3 O-O 10. Nbd2 Bf5 11. Ne4 Rad8 12. Bg5 Rfe8 13. g4 Bg6 14. Bxf6 Bxf6 15. h4 Be7 16. h5 Bxe4 17. dxe4 Qe6 18. Bb3 Qxg4 19. Bd5 Qf4 20. Qe3 Qxe3+ 21. fxe3 Bf6 22. O-O-O h6 23. Kc2 Re7 24. Bxc6 Rxd1 25. Rxd1 bxc6 26. Rd8+ Kh7 27. Rc8 g6 28. Rxc6 Kg7 29. Kd3 gxh5 30. Ke2 Rb7 31. b3 Be7 32. Nxe5 h4 33. Kf3 h5 34. Nd3 Rd7 35. Nf4 Rd2 36. Nxh5+ Kh7 37. Nf4 Rxa2 38. Rc7 Bd6 39. Rxf7+ Kg8 40. Rf6 Be5 41. Rf5 Bxc3 42. Rxc5 Be1 43. Kg4 Ra3 44. Rb5 a5 45. e5 Bb4 46. Kf5 Rxb3 47. Rb8+ Kg7 48. Rb7+ Kg8 49. Nd5 h3 50. Nf6+ Kf8 51. Ke6 Be7 52. Rxb3 1-0


[Site "https://www.chess.com"]

[Event "Titled Tuesday Blitz June 20 Early 2023"]
[White "Nihal Sarin"]
[Black "Andreikin, Dmitry"]
[WhiteFideId "25092340"]
[BlackFideId "4158814"]
[WhiteElo "2689"]
[BlackElo "2736"]
[Result "0-1"]
[Round "7"]
[TimeControl "180+2"]
[Date "2023.06.20"]
[WhiteClock "0:00:00"]
[BlackClock "0:00:04"]
[Board "5"]

1. e4 c5 2. Nf3 g6 3. c3 d5 4. exd5 Qxd5 5. d4 Bg7 6. Na3 Nf6 7. Bc4 Qe4+ 8. Be3 O-O 9. O-O cxd4 10. Bxd4 Nc6 11. Re1 Qf5 12. Nc2 Nxd4 13. Ncxd4 Qc5 14. Qb3 e6 15. Rad1 a6 16. a4 Nh5 17. Nd2 Qc7 18. Ne4 b6 19. Ng5 Nf4 20. g3 h6 21. Ngf3 Nh3+ 22. Kg2 Ng5 23. h4 Nxf3 24. Nxf3 Bb7 25. Bd3 Bd5 26. Qc2 b5 27. axb5 axb5 28. Be4 Bxe4 29. Qxe4 Ra4 30. Qd3 Qb7 31. Re2 Rb8 32. Qd7 Ra2 33. Qxb7 Rxb7 34. Rd8+ Kh7 35. Red2 Bf6 36. R8d7 Rxd7 37. Rxd7 Kg7 38. Rd2 Ra4 39. Kf1 b4 40. Rd3 Ra2 41. cxb4 Rxb2 42. Rd7 Rxb4 43. Kg2 g5 44. hxg5 hxg5 45. Nh2 Kg6 46. Nf3 g4 47. Ne1 Rd4 48. Rb7 Rd2 49. Rb3 Bd4 50. Nd3 e5 51. Kf1 Kf5 52. Ke1 Ra2 53. Kf1 Ke4 54. Ke1 f5 0-1


[Site "https://www.chess.com"]

[Event "Titled Tuesday Blitz June 20 Early 2023"]
[White "Zhigalko, Sergei"]
[Black "Lazavik, Denis"]
[WhiteFideId "13502956"]
[BlackFideId "13515110"]
[WhiteElo "2626"]
[BlackElo "2560"]
[Result "1-0"]
[Round "7"]
[TimeControl "180+2"]
[Date "2023.06.20"]
[WhiteClock "0:00:11"]
[BlackClock "0:00:04"]
[Board "6"]

1. e4 e5 2. Nf3 Nc6 3. Bc4 Bc5 4. O-O Nf6 5. d3 d6 6. Nbd2 a6 7. c3 O-O 8. Bb3 h6 9. h3 Be6 10. Re1 Bxb3 11. axb3 a5 12. Nc4 Re8 13. Be3 Bxe3 14. Nxe3 b6 15. Nh2 Qd7 16. Qf3 Ne7 17. Nhg4 Nxg4 18. hxg4 Qe6 19. Nd5 Nxd5 20. exd5 Qd7 21. Re4 Qb5 22. Rc4 Qxb3 23. Rxc7 Rf8 24. Rc6 Qxb2 25. Qd1 a4 26. Rb1 Qa2 27. Rxd6 a3 28. c4 e4 29. Rdxb6 exd3 30. Qxd3 Rfc8 31. R6b3 g6 32. d6 Re8 33. d7 Red8 34. c5 Ra7 35. c6 Kg7 36. Qd4+ 1-0


[Site "https://www.chess.com"]

[Event "Titled Tuesday Blitz June 20 Early 2023"]
[White "Bluebaum, Matthias"]
[Black "Aravindh, Chithambaram VR."]
[WhiteFideId "24651516"]
[BlackFideId "5072786"]
[WhiteElo "2639"]
[BlackElo "2596"]
[Result "1-0"]
[Round "7"]
[TimeControl "180+2"]
[Date "2023.06.20"]
[WhiteClock "0:00:32"]
[BlackClock "0:00:00"]
[Board "7"]

1. d4 Nf6 2. c4 c6 3. Nc3 d5 4. Nf3 dxc4 5. e4 b5 6. Qc2 g6 7. a4 a6 8. axb5 cxb5 9. Nxb5 axb5 10. Rxa8 Bb7 11. Ra1 Bxe4 12. Qd1 Nc6 13. Be2 Bg7 14. O-O O-O 15. Be3 Nd5 16. Ng5 Bf5 17. Bg4 Bd3 18. Be2 Nxe3 19. fxe3 e5 20. Nf3 Bxe2 21. Qxe2 exd4 22. exd4 Nxd4 23. Nxd4 Qxd4+ 24. Rf2 Qd7 25. Kh1 Re8 26. Qf3 b4 27. Rd1 Qc7 28. g3 c3 29. bxc3 bxc3 30. Kg2 h5 31. Qd5 Re7 32. Qd8+ Kh7 33. Qd5 Qb7 34. Rc2 Qxd5+ 35. Rxd5 Rb7 36. Kf3 f5 37. Rc5 Bf6 38. h3 Rb3 39. g4 fxg4+ 40. hxg4 hxg4+ 41. Kxg4 Rb4+ 42. Kf3 Rb3 43. Kg4 Kg7 44. Rc6 Kg8 45. Rxf6 Kg7 46. Rc6 Rb4+ 47. Kg3 Kh6 48. R6xc3 Rb5 49. Rc5 Rb3+ 50. R2c3 Rb4 51. R5c4 Rb1 52. Rh4+ Kg5 53. Rc5+ Kf6 54. Rf4+ Kg7 55. Rf3 Rb4 56. Rc6 Rb3 57. Rxb3 1-0


[Site "https://www.chess.com"]

[Event "Titled Tuesday Blitz June 20 Early 2023"]
[White "Henriquez Villagra, Cristobal"]
[Black "Paravyan, David"]
[WhiteFideId "3409350"]
[BlackFideId "4194985"]
[WhiteElo "2542"]
[BlackElo "2563"]
[Result "0-1"]
[Round "7"]
[TimeControl "180+2"]
[Date "2023.06.20"]
[WhiteClock "0:00:13"]
[BlackClock "0:00:34"]
[Board "8"]

1. Nf3 d5 2. g3 Nf6 3. Bg2 e6 4. O-O Be7 5. d3 O-O 6. Nc3 d4 7. Nb1 Nc6 8. c3 e5 9. b4 a6 10. a3 Re8 11. Bb2 Bf8 12. Nbd2 h6 13. Rc1 dxc3 14. Bxc3 Nd4 15. Bxd4 exd4 16. Nb3 a5 17. Nxa5 c5 18. Nd2 Nd5 19. Bxd5 Qxd5 20. Qb3 Qxb3 21. Naxb3 cxb4 22. axb4 Bxb4 23. Nf3 Bh3 24. Nfxd4 Bxf1 25. Kxf1 Rec8 26. Rb1 Bc3 27. Nb5 Bf6 28. d4 Rc2 29. Nc1 h5 30. h3 g5 31. g4 h4 32. Nd3 Raa2 33. e3 Rd2 34. Rb3 Be7 35. Kg2 Rac2 36. d5 Rc8 37. Kf3 Rd1 38. Nd4 Rh1 39. Kg2 Rd1 40. Rxb7 Bf6 41. Nb2 Rd2 42. d6 Bxd4 43. exd4 Rxd4 44. Rb5 f6 45. Rb6 Kf7 46. Kf3 Rc3+ 47. Ke2 Rxh3 48. Nd1 Rhd3 49. Ne3 Rd2+ 50. Kf3 Rf4+ 51. Kg2 Rfxf2+ 52. Kg1 Rfe2 53. Nf1 Rd1 54. Rb7+ Kg6 55. d7 h3 0-1


[Site "https://www.chess.com"]

[Event "Titled Tuesday Blitz June 20 Early 2023"]
[White "Nogerbek, Kazybek"]
[Black "Korobov, Anton"]
[WhiteFideId "13710427"]
[BlackFideId "14105730"]
[WhiteElo "2498"]
[BlackElo "2638"]
[Result "1/2-1/2"]
[Round "7"]
[TimeControl "180+2"]
[Date "2023.06.20"]
[WhiteClock "0:00:03"]
[BlackClock "0:00:24"]
[Board "9"]

1. d4 Nf6 2. Nf3 d5 3. c4 e6 4. Nc3 c6 5. cxd5 exd5 6. Bg5 Bf5 7. e3 Nbd7 8. Nh4 Be6 9. Bd3 h6 10. Bxf6 Nxf6 11. O-O Bd6 12. Nf5 Bxf5 13. Bxf5 O-O 14. g3 Re8 15. Re1 g6 16. Bd3 Qd7 17. Qf3 Kg7 18. e4 dxe4 19. Nxe4 Be7 20. Rad1 Qxd4 21. Nxf6 Qxf6 22. Qxf6+ Bxf6 23. b3 Rxe1+ 24. Rxe1 Rd8 25. Rd1 Bd4 26. Kf1 c5 27. a4 Rd6 28. Kg2 g5 29. Be4 b6 30. g4 Re6 31. f3 Kf6 32. Rd2 Rd6 33. Bd3 Be3 34. Rd1 Ke5 35. Be2 Rxd1 36. Bxd1 Kd4 37. Be2 Kc3 38. Bc4 a6 39. Kf1 Bf4 40. Ke2 Bxh2 41. Bxf7 b5 42. axb5 axb5 43. Be6 Bf4 44. Bf7 Kc2 45. Be6 c4 46. bxc4 b4 47. c5 b3 48. Bf5+ Kc1 49. Kd3 b2 50. Kd4 b1=Q 51. Bxb1 Kxb1 52. Ke4 Kc2 53. Kf5 Kd2 54. Kg6 Ke3 55. Kxh6 Kxf3 56. Kh5 Ke4 57. c6 1/2-1/2


[Site "https://www.chess.com"]

[Event "Titled Tuesday Blitz June 20 Early 2023"]
[White "Bharath Subramaniyam H"]
[Black "Pranav, V"]
[WhiteFideId "46634827"]
[BlackFideId "25060783"]
[WhiteElo "2400"]
[BlackElo "2533"]
[Result "0-1"]
[Round "7"]
[TimeControl "180+2"]
[Date "2023.06.20"]
[WhiteClock "0:00:00"]
[BlackClock "0:00:06"]
[Board "10"]

1. b3 e5 2. Bb2 Nc6 3. c4 Nf6 4. e3 d6 5. Nc3 g6 6. Nf3 Bg7 7. Be2 O-O 8. d3 h6 9. O-O Kh7 10. a3 d5 11. cxd5 Nxd5 12. Qc2 Re8 13. b4 a6 14. Rfd1 Nxc3 15. Bxc3 Qe7 16. Rac1 Bf5 17. Bb2 Rad8 18. Nd2 Bc8 19. Nb3 f5 20. Nc5 Rd6 21. Bf3 Red8 22. Bc3 b6 23. Nb3 Bb7 24. a4 Qg5 25. e4 R8d7 26. Bd2 Qf6 27. b5 axb5 28. axb5 Na7 29. Bb4 fxe4 30. Bg4 exd3 31. Qd2 Nxb5 32. Bxd7 Rxd7 33. Qe3 c5 34. Bxc5 bxc5 35. Nxc5 Rf7 36. Nxb7 Rxb7 37. Rb1 Qc6 38. Qxd3 Nd4 39. Rxb7 Qxb7 40. h3 h5 41. Re1 Ne6 42. g3 Ng5 43. Re3 Nxh3+ 44. Kf1 Qh1+ 45. Ke2 Qg2 46. Qe4 Qxf2+ 47. Kd1 Ng5 48. Qd3 e4 49. Qe2 Qg1+ 50. Kc2 Nf3 51. Rxe4 Nd4+ 52. Rxd4 Qxd4 0-1


[Site "https://www.chess.com"]

[Event "Titled Tuesday Blitz June 20 Early 2023"]
[White "Oparin, Grigoriy"]
[Black "Donchenko, Alexander"]
[WhiteFideId "24125890"]
[BlackFideId "24603295"]
[WhiteElo "2647"]
[BlackElo "2554"]
[Result "1-0"]
[Round "7"]
[TimeControl "180+2"]
[Date "2023.06.20"]
[WhiteClock "0:00:09"]
[BlackClock "0:00:02"]
[Board "11"]

1. Nf3 Nf6 2. g3 b5 3. e3 a6 4. Bg2 Bb7 5. O-O g6 6. b3 Bg7 7. Bb2 O-O 8. Qe2 c5 9. c4 Qb6 10. Nc3 bxc4 11. Qxc4 d6 12. Qh4 Nbd7 13. d4 cxd4 14. Na4 Qa5 15. Bxd4 Rfc8 16. Rac1 Qh5 17. Qxh5 Nxh5 18. Bxg7 Kxg7 19. Nd4 Bxg2 20. Kxg2 Nhf6 21. Nc6 Kf8 22. Na5 Ke8 23. h3 h5 24. Kf3 Nd5 25. Ke2 Nb4 26. a3 Nd5 27. e4 N5f6 28. f3 Rab8 29. b4 g5 30. Ke3 d5 31. Rfd1 dxe4 32. fxe4 Ne5 33. Rxc8+ Rxc8 34. Nc5 Nfd7 35. Rc1 f6 36. Nab3 Nb6 37. Nd2 Rd8 38. Rc3 Rd6 39. a4 h4 40. gxh4 gxh4 41. a5 Nbd7 42. Nxd7 Kxd7 43. Nb3 Ke8 44. Nc5 Kf7 45. Rc1 Nc6 46. Rc4 Ne5 47. Rd4 Rc6 48. Rd8 Kg6 49. Rg8+ Kf7 50. Ra8 Rd6 51. Rxa6 Nc4+ 52. Ke2 Rd2+ 53. Ke1 Rh2 54. Ra8 Rxh3 55. a6 Ra3 56. Rh8 Ne3 57. Ke2 Ng2 58. b5 Kg7 59. Rxh4 Nxh4 60. b6 Ng6 61. b7 Nf4+ 62. Kd1 Rc3 63. b8=Q Rxc5 64. Qxf4 Ra5 65. Qg4+ Kf7 66. Qc8 Ra4 67. Qb7 Ra5 68. a7 1-0


[Site "https://www.chess.com"]

[Event "Titled Tuesday Blitz June 20 Early 2023"]
[White "Timofeev, Artyom"]
[Black "Sviridov, Valery"]
[WhiteFideId "4140419"]
[BlackFideId "4120680"]
[WhiteElo "2570"]
[BlackElo "2457"]
[Result "1/2-1/2"]
[Round "7"]
[TimeControl "180+2"]
[Date "2023.06.20"]
[WhiteClock "0:00:28"]
[BlackClock "0:00:30"]
[Board "12"]

1. d4 g6 2. e4 Bg7 3. Nc3 d6 4. Bf4 a6 5. Qd2 b5 6. O-O-O Bb7 7. f3 Nd7 8. Kb1 c5 9. dxc5 Nxc5 10. Nge2 Rc8 11. h4 Nf6 12. Bh6 Bxh6 13. Qxh6 b4 14. Nd5 Bxd5 15. exd5 Qc7 16. Qd2 a5 17. Nf4 Qb6 18. g4 h5 19. g5 Nfd7 20. Bh3 Rc7 21. Bxd7+ Nxd7 22. Nd3 Qd4 23. Rhe1 Qxd5 24. Qe2 Qe6 25. Qxe6 fxe6 26. Rxe6 Kf7 27. Rde1 Nb6 28. R6e4 Rhc8 29. R1e2 Nd5 30. f4 Rc4 31. Kc1 Rxe4 32. Rxe4 e6 33. Ne1 Ne7 34. Nf3 Nf5 35. Kd2 Rc5 36. c4 bxc3+ 37. bxc3 Ke7 38. Nd4 Nxd4 39. Rxd4 d5 40. Kd3 Kd6 41. Ra4 Rb5 42. Kd4 Rc5 43. Kd3 Rb5 44. Kd4 Rc5 45. Kd3 1/2-1/2


[Site "https://www.chess.com"]

[Event "Titled Tuesday Blitz June 20 Early 2023"]
[White "Gadimbayli, Abdulla"]
[Black "Puranik, Abhimanyu"]
[WhiteFideId "13404938"]
[BlackFideId "5061245"]
[WhiteElo "2386"]
[BlackElo "2460"]
[Result "0-1"]
[Round "7"]
[TimeControl "180+2"]
[Date "2023.06.20"]
[WhiteClock "0:00:00"]
[BlackClock "0:00:37"]
[Board "13"]

1. e4 e5 2. Nf3 Nc6 3. Nc3 Nf6 4. d4 Bb4 5. Nxe5 Bxc3+ 6. bxc3 Qe7 7. f3 Nxe5 8. dxe5 Qxe5 9. Qd4 d6 10. a4 O-O 11. Be3 Re8 12. Bc4 Be6 13. Bd3 Nd7 14. O-O c5 15. Qxe5 Nxe5 16. Rab1 Re7 17. Rfd1 f6 18. Be2 Bc4 19. Kf2 Bxe2 20. Kxe2 f5 21. Rxd6 fxe4 22. f4 Nc4 23. Rd5 b6 24. Rbd1 Rf8 25. Rd7 Kf7 26. Bc1 Re8 27. R7d5 Re6 28. g4 Rh6 29. Rf5+ Kg8 30. Rh1 Rh3 31. Bd2 Rd8 0-1


[Site "https://www.chess.com"]

[Event "Titled Tuesday Blitz June 20 Early 2023"]
[White "Svane, Rasmus"]
[Black "Beerdsen, Thomas"]
[WhiteFideId "4657101"]
[BlackFideId "1030108"]
[WhiteElo "2601"]
[BlackElo "2553"]
[Result "1-0"]
[Round "7"]
[TimeControl "180+2"]
[Date "2023.06.20"]
[WhiteClock "0:00:24"]
[BlackClock "0:00:00"]
[Board "14"]

1. Nf3 Nf6 2. g3 b5 3. Bg2 Bb7 4. d3 c5 5. e4 e6 6. O-O d5 7. exd5 Nxd5 8. a4 a6 9. axb5 axb5 10. Rxa8 Bxa8 11. c4 Nb4 12. cxb5 Qxd3 13. Bf4 Nd7 14. Nc3 Be7 15. Ne5 Nxe5 16. Bxa8 O-O 17. Be4 Qxd1 18. Rxd1 Bf6 19. b6 Rb8 20. b7 g5 21. Be3 Be7 22. Na4 f5 23. Bg2 Ned3 24. Nb6 f4 25. Bd2 fxg3 26. hxg3 Ne5 27. Bc3 Nbc6 28. Nd7 Rd8 29. Bxe5 Nxe5 30. b8=Q Rxb8 31. Nxb8 Nc4 32. b3 Nb2 33. Rd2 Bf6 34. Nd7 Bc3 35. Rc2 Bd4 36. Nxc5 e5 37. Na4 Nd3 38. Be4 Nb4 39. Rc4 Na2 40. b4 Kf7 41. b5 1-0


[Site "https://www.chess.com"]

[Event "Titled Tuesday Blitz June 20 Early 2023"]
[White "Gurel, Ediz"]
[Black "Mikhailovsky, Vladimir"]
[WhiteFideId "44507356"]
[BlackFideId "34105414"]
[WhiteElo "2352"]
[BlackElo "2244"]
[Result "1-0"]
[Round "7"]
[TimeControl "180+2"]
[Date "2023.06.20"]
[WhiteClock "0:00:31"]
[BlackClock "0:00:00"]
[Board "15"]

1. e4 Nf6 2. e5 Nd5 3. d4 d6 4. Nf3 dxe5 5. Nxe5 c6 6. c4 Nb4 7. Nf3 Bf5 8. Na3 e6 9. Be2 Be7 10. O-O O-O 11. Be3 Nd7 12. Qd2 a5 13. Rfd1 h6 14. h3 Nf6 15. Ne5 Ne4 16. Qe1 Bg5 17. Bf3 Bxe3 18. Qxe3 Qg5 19. Bxe4 Qxe3 20. fxe3 Bxe4 21. Nd7 Rfc8 22. Nb6 Nc2 23. Nxc2 Bxc2 24. Rd2 Be4 25. b3 Rd8 26. Nxa8 Rxa8 27. a3 Kf8 28. Raa2 Ke7 29. b4 b5 30. cxb5 cxb5 31. bxa5 Rxa5 32. Rdb2 Kd6 33. Rb4 Bd3 34. a4 Kd5 35. Kf2 f5 36. Ra3 Bc4 37. Ra1 g5 38. Kf3 h5 39. Rc1 Bd3 40. axb5 Ra2 41. Kg3 Be4 42. Rg1 h4+ 43. Kh2 f4 44. exf4 gxf4 45. b6 f3 46. b7 f2 47. b8=Q 1-0


[Site "https://www.chess.com"]

[Event "Titled Tuesday Blitz June 20 Early 2023"]
[White "Lagarde, Maxime"]
[Black "Shimanov, Aleksandr"]
[WhiteFideId "662399"]
[BlackFideId "4198603"]
[WhiteElo "2571"]
[BlackElo "2631"]
[Result "1-0"]
[Round "7"]
[TimeControl "180+2"]
[Date "2023.06.20"]
[WhiteClock "0:00:46"]
[BlackClock "0:00:00"]
[Board "16"]

1. d4 d5 2. Nf3 Nf6 3. Bf4 c5 4. e3 Nc6 5. Nbd2 cxd4 6. exd4 Bf5 7. c3 e6 8. Qb3 Qc8 9. Nh4 Bg4 10. h3 Bh5 11. g4 Bg6 12. Nxg6 hxg6 13. Be2 Qd7 14. O-O-O Bd6 15. Be3 a6 16. Kb1 b5 17. f4 Na5 18. Qc2 Rc8 19. Nf3 Nc4 20. Bxc4 bxc4 21. Ne5 Bxe5 22. dxe5 Ne4 23. h4 Rb8 24. h5 gxh5 25. Rxh5 Rxh5 26. gxh5 Ng3 27. h6 f5 28. h7 Kf7 29. Qh2 Rh8 30. Qxg3 Rxh7 31. Rg1 Kg8 32. Qg6 Rh2 33. Bc1 a5 34. Ka1 a4 35. a3 Rh3 36. Qg2 Rh6 37. Rh1 Rxh1 38. Qxh1 Qb5 39. Qh5 Qd7 40. Qg6 Qc6 41. Be3 Kf8 42. Bf2 Kg8 43. Bh4 Qd7 44. Qg5 Kf7 45. Qd8 Qc6 46. Qe7+ Kg8 47. Bf6 gxf6 48. exf6 1-0


[Site "https://www.chess.com"]

[Event "Titled Tuesday Blitz June 20 Early 2023"]
[White "Makhnev, Denis"]
[Black "Mahdavi, Reza"]
[WhiteFideId "13707647"]
[BlackFideId "12595926"]
[WhiteElo "2515"]
[BlackElo "2395"]
[Result "1-0"]
[Round "7"]
[TimeControl "180+2"]
[Date "2023.06.20"]
[WhiteClock "0:00:04"]
[BlackClock "0:00:00"]
[Board "17"]

1. d4 Nf6 2. Nf3 e6 3. g3 b5 4. a4 b4 5. Bg2 Bb7 6. O-O c5 7. c4 cxd4 8. Qxd4 Be7 9. Rd1 O-O 10. Nbd2 Nc6 11. Qf4 d5 12. Nb3 Qb8 13. cxd5 Nxd5 14. Qg4 Ne5 15. Nxe5 Qxe5 16. e4 Nf6 17. Qe2 Bxe4 18. f3 Qh5 19. g4 Qh4 20. fxe4 Nxg4 21. h3 Qg3 22. hxg4 Qxb3 23. Qd3 Bc5+ 24. Kf1 Qxd3+ 25. Rxd3 Rfd8 26. Ke2 Rxd3 27. Kxd3 Rd8+ 28. Kc4 Rc8 29. Kb3 a5 30. Bf4 Bd4 31. e5 h6 32. Rd1 Bf2 33. Rd7 g5 34. Bd2 Bg3 35. Ra7 Rc5 36. Ra8+ Kg7 37. Be3 Rc7 38. Rxa5 Rd7 39. Be4 Rd1 40. Bc2 Re1 41. Bd4 Bf4 42. Rb5 h5 43. gxh5 g4 44. a5 g3 45. a6 g2 46. Ra5 Be3 47. h6+ Kxh6 48. Ra1 g1=Q 49. Rxe1 Qxe1 50. a7 Qa1 51. Bxe3+ Kh5 52. Be4 Qd1+ 53. Kc4 Qe2+ 54. Kd4 Qd1+ 55. Kc5 Qe2 56. a8=Q Qxe3+ 57. Kxb4 Qd4+ 58. Kb3 Qxe5 59. Qc6 f5 60. Bd3 Kg5 61. Qf3 Kf6 62. Qf2 Qb8+ 63. Kc2 Qc7+ 64. Kd2 Qa5+ 65. Kd1 Qa1+ 66. Kc2 Qa4+ 67. Kc3 Qa5+ 68. b4 Qa3+ 69. Kc4 Qa6+ 70. b5 Qa4+ 71. Kc3 Qa3+ 72. Kd2 Qb2+ 73. Ke3 Qe5+ 74. Kf3 Qd5+ 75. Ke2 Qa2+ 76. Kf1 Qa1+ 77. Kg2 Qa8+ 78. Kg1 Qa1+ 79. Kh2 Qe5+ 80. Kg2 Qd5+ 81. Qf3 Qa2+ 82. Be2 Qb2 83. Qd3 Kg5 84. Kf2 Kf6 85. Ke3 Qe5+ 86. Kd2 Qb2+ 87. Qc2 Qd4+ 88. Bd3 Qf2+ 89. Kc3 Qc5+ 90. Kb3 Qd5+ 91. Qc4 Qd6 92. Qc3+ Kg5 93. Bc4 e5 94. Qe3+ f4 95. Qg1+ Kf6 96. b6 e4 97. b7 e3 98. Qa1+ 1-0


[Site "https://www.chess.com"]